cohdb
Replays
Latest Replays
All Replays
Popular Replays
Top Player Replays
Match Explorer
How It Works
Community
CoH3 Stats
Reddit
Sign in to upload your games and track your stats! →
Sign in with Steam
Match 40505681
Unlisted
Match 40505681
Overview
Messages
Build Orders
End
Selects Airborne Battlegroup
Selects Airborne Battlegroup
Selects Heavy Machine Gun Paradrop
Heavy Machine Gun Paradrop
Engineer Squad
Heavy Machine Gun Paradrop
Air Support Center
Heavy Machine Gun Paradrop
Grasshopper Recon Run
Double Sortie
Selects Paratrooper Squad Paradrop
Paratrooper Squad Paradrop
Grasshopper Recon Run
Air Supremacy
Paratrooper Squad Paradrop
Construct Weapon Support Center
Improved M9 Bazooka Rockets
Grasshopper Recon Run
Selects Smoke Bombing Run
Selects Supply Drop
Supply Drop
Grasshopper Recon Run
P-47 Strafing Run
Paratrooper Squad Paradrop
Heavy Machine Gun Paradrop
P-47 Dive Bomb
P-47 Strafing Run
Kusa
wila
LittleFatty233
MY:OATZ
蒼星石
Isuka
Enterprise
rhexacglagye
0
0
Comments
sign in to comment!
No comments posted yet!